 Dungeon Crawl Stone Soup version 0.31-a0-95-g6fa058ef04 (webtiles) character file.

Game seed: 2302222015813384143

16519 IdlyInterested the Fighter (level 12, -6/108 HPs)
             Began as a Demonspawn Wanderer on May 25, 2023.
             Mangled by a skeletal warrior
             ... wielding a +0 glaive
              (15 damage)
             ... on level 14 of the Dungeon.
             The game lasted 00:37:19 (10612 turns).

IdlyInterested the Fighter (Demonspawn Wanderer)   Turns: 10612, Time: 00:37:20

Health: -6/108     AC: 11    Str: 13    XL:     12   Next: 10%
Magic:  16/16      EV: 12    Int: 15    God:
Gold:   215        SH: 11    Dex: 16    Spells: 17/17 levels left

rFire   . . .        j - +7 broad axe
rCold   . . .        P - +2 kite shield
rNeg    . . .        d - +2 leather armour
rPois   +            (no helmet)
rElec   .            (cloak unavailable)
rCorr   .            S - +2 pair of gloves {hurl}
SInv    .            (no boots)
Will    .....        O - amulet of the acrobat
Stlth   ++           J - ring of poison resistance
HPRegen 0.38/turn    (no ring)
MPRegen 0.15/turn

%: acrobat
@: no status effects
A: slimy green scales 2, powered by death 2, spiny 2, weakness stinger 3
a: no special abilities


You were on level 14 of the Dungeon.
You visited 2 branches of the dungeon, and saw 13 of its levels.
You also visited: Sewer and Bailey.

You collected 786 gold pieces.
You spent 571 gold pieces at shops.

Inventory:

Hand Weapons
 a - a +2 short sword of freezing
 j - a +7 broad axe (weapon)
 l - a +0 falchion
 s - the +4 morningstar of Qolisur {flame, Drain rCorr Str-2 Dex+8}
   (You found it on level 3 of the Dungeon)

   Str:       It affects your strength (-2).
   Dex:       It affects your dexterity (+8).
   rCorr:     It protects you from acid and corrosion.
   Drain:     It drains your maximum health when unequipped.
 y - a +1 short sword of draining
 C - a +4 hand axe of electrocution
 I - a +2 short sword of electrocution
 L - a +2 short sword
 M - a +3 spear
 N - a +3 battleaxe
Missiles
 f - 98 stones
 u - 35 poisoned darts
 F - 2 silver boomerangs
 H - 20 boomerangs (quivered)
Armour
 d - a +2 leather armour (worn)
 r - a +3 leather armour of fire resistance
 B - a +2 ring mail of poison resistance
 P - a +2 kite shield (worn)
 Q - a +1 leather armour of fire resistance
 S - a +2 pair of gloves of hurling (worn)
Jewellery
 J - a ring of poison resistance (left hand)
 O - an amulet of the acrobat (around neck)
Wands
 n - a wand of flame (22)
 D - a wand of paralysis (6)
 R - a wand of digging (8)
 T - a wand of iceblast (12)
Scrolls
 e - 2 scrolls of blinking
 i - 4 scrolls of amnesia
 o - 6 scrolls of teleportation
 p - 2 scrolls of fear
 t - a scroll of poison
 v - 2 scrolls of enchant armour
 E - 3 scrolls of fog
 K - 3 scrolls of immolation
Potions
 b - 2 potions of attraction
 c - 2 potions of curing
 g - a potion of invisibility {unknown}
 h - a potion of heal wounds
 m - 3 potions of enlightenment
 q - 2 potions of mutation
 w - 2 potions of brilliance
 x - a potion of cancellation {unknown}
 z - 2 potions of magic
 G - 3 potions of lignification


   Skills:
 * Level 14.6 Fighting
 + Level 9.1 Axes
 - Level 1.0 Throwing
 - Level 4.0 Armour
 - Level 5.9 Dodging
 - Level 1.0 Stealth
 - Level 4.0 Shields
 - Level 3.0 Spellcasting
 - Level 1.0 Conjurations
 - Level 1.1 Necromancy
 - Level 1.0 Evocations


You had 17 spell levels left.
You didn't know any spells.
Your spell library contained the following spells:

 Spells                   Type           Power      Damage    Failure   Level
 Magic Dart               Conj           20%        1d4       50%         1
 Kiss of Death            Conj/Necr      16%        2d6       54%         1
 Call Imp                 Summ           4%         N/A       77%         2
 Cigotuvi's Dreadful Rot  Necr/Pois/Air  2%         N/A       80%         2
 Vampiric Draining        Necr           5%         2d6       85%         3
 Mephitic Cloud           Conj/Pois/Air  1%         N/A       95%         3
 Ignite Poison            Fire/Tmut/Pois 0%         N/A       97%         3
 Freezing Cloud           Conj/Ice/Air   0%         6-21      100%        5
 Irradiate                Conj/Tmut      1%         3d12      100%        5
 Plasma Beam              Fire/Air       0%         2x1d11    100%        6


Dungeon Overview and Level Annotations

Branches:
Dungeon (14/15)            Temple (1/1) D:6             Orc (0/2) D:9
  Sewer (visited)          Bailey (visited)
   Lair: D:8-11      Vaults: D:13-14

Altars:
Ashenzari
Cheibriados
Dithmenos
Fedhas
Gozag
Hepliaklqana
Kikubaaqudgha
Makhleb
Nemelex Xobeh
Okawaru
Qazlal
Ru
Sif Muna
Trog
Uskayaw
Vehumet
Wu Jian
Xom
Yredelemnul

Shops:
D:4 ?   D:5 [   D:6 [(   D:7 *[!=   D:8 *   D:10 :


Innate Abilities, Weirdness & Mutations

You are mostly covered in slimy green scales. (AC +3)
You regenerate health from kills.
You are mostly covered in sharp spines.
You have a sharp stinger which inflicts weakening toxins.


Message History

You tail-slap the skeletal warrior.
The skeletal warrior is moderately damaged.
The skeletal warrior closely misses you. x2
You barely miss the skeletal warrior.
Your tail-slap misses the skeletal warrior.
The skeletal warrior is moderately damaged.
You block the skeletal warrior's attack.
The skeletal warrior hits you but does no damage.
You barely miss the skeletal warrior.
The skeletal warrior is moderately damaged.
You block the skeletal warrior's attack.
The skeletal warrior closely misses you.
You hit the skeletal warrior.
The skeletal warrior is moderately damaged.
You block the skeletal warrior's attack.
The skeletal warrior hits you with a +0 dire flail!
The skeletal warrior hits you but does no damage.
The skeletal warrior is struck by your spines.
The skeletal warrior closely misses you.
You completely miss the skeletal warrior.
The skeletal warrior is moderately damaged.
You block the skeletal warrior's attack. x2
You hit the skeletal warrior.
The skeletal warrior is moderately damaged.
The skeletal warrior hits you but does no damage.
The skeletal warrior hits you with a +0 dire flail!
You slash the skeletal warrior!
You tail-slap the skeletal warrior, but do no damage.
The skeletal warrior is heavily damaged.
The skeletal warrior closely misses you.
You block the skeletal warrior's attack. x2
The skeletal warrior hits you with a +0 dire flail!!
* * * LOW HITPOINT WARNING * * *
You hit the skeletal warrior but do no damage.
You tail-slap the skeletal warrior.
The skeletal warrior is heavily damaged.
The skeletal warrior hits you with a +0 dire flail.
* * * LOW HITPOINT WARNING * * *
The skeletal warrior hits you from afar with a +0 glaive!
You die...

*,* **,* *,,,,,
**,**************..*********,,,,,
,,,,,,,,,,,,,,,,,..,,,,,,,<,,,,,,
***,*************.#*********,,,,,
*,,* *z# *,,,,, **,* ##z# **,***
*,* #zz* *,** *,* #z#* *,,* *,*
##@###**********,** ****+****
#....#,,,,,,,**,,,, ,,,,,,,,*
#....#,,,,,,,*,,,,, ,,,,<,,,*
***#....#,,,,,,,**,,,,
,,,,,,,,****,,+....#,,,,,,,**,,,,
,,,,,,,,**,,,*#...>#,,,,,,***,,,,
,,,,,,,,+,,***#....#**+++****,,,,
,,,,,,,,**** #.........,,,**,,,,
,,,,,,,,* #.........,,,**,,,,


You could see 5 skeletal warriors.

Vanquished Creatures
  An orc warlord (Bailey)
  Erolcha (D:10)
  A two-headed ogre (D:10)
  A manticore (D:11)
  A troll (D:11)
  Grinder (D:6)
  Grum (D:9)
  9 yaks
  7 vampire mosquitoes
  3 wargs (D:9)
  An acid dragon (D:11)
  An ice beast (D:6)
  A sky beast (D:8)
  A black bear (D:8)
  7 orc warriors
  2 ogres (D:6)
  2 wolves (D:9)
  7 centaurs
  9 kobold brigands
  A bullfrog (D:9)
  4 scorpions
  8 wights
  5 killer bees (D:8)
  A howler monkey (D:7)
  2 orc priests
  4 jellies
  2 hounds
  2 gnoll boudas
  4 iguanas (D:5)
  7 orc wizards
  15 gnolls
  14 adders
  2 river rats (Sewer)
  A shadow imp (D:6)
  2 white imps
  2 ufetubi
  8 worms
  4 dart slugs
  27 orcs
  5 bats
  9 endoplasms
  7 giant cockroaches
  6 goblins
  16 hobgoblins
  2 quokkas
  15 ball pythons
  3 frilled lizards
  33 kobolds
  14 rats
282 creatures vanquished.

Notes
Turn   | Place    | Note
-------+----------+-------------------------------------------
     0 | D:1      | IdlyInterested the Demonspawn Wanderer began the quest for
                  | the Orb.
     0 | D:1      | IdlyInterested set off with the following items: a +0
                  | dagger, a potion of attraction, a potion of curing, a +2
                  | leather armour; and the following spell memorised: Kiss of
                  | Death; and the following spells available to memorise:
                  | Vampiric Draining.
     0 | D:1      | Reached XP level 1. HP: 16/16 MP: 4/4
   356 | D:1      | Gained mutation: You are partially covered in sharp spines.
                  | [demonic ancestry]
   356 | D:1      | Reached XP level 2. HP: 23/23 MP: 6/6
   648 | D:1      | Reached skill level 1 in Armour
   970 | D:1      | Reached skill level 3 in Fighting
  1323 | D:2      | Gained mutation: You have a small tail. [demonic ancestry]
  1323 | D:2      | Reached XP level 3. HP: 29/29 MP: 7/7
  1636 | D:2      | Reached skill level 1 in Stealth
  1752 | D:2      | Reached XP level 4. HP: 37/37 MP: 8/8
  2004 | D:2      | Got the Compilation of the Nimbus and Changes
  2398 | D:3      | Reached skill level 4 in Fighting
  2398 | D:3      | Reached skill level 1 in Throwing
  2441 | D:3      | Found a burning altar of Makhleb.
  2482 | D:3      | Identified the +4 morningstar of Qolisur {flame, Drain
                  | rCorr Str-2 Dex+8}
  2964 | D:3      | Found a faded altar of an unknown god.
  2971 | D:3      | Gained mutation: You are partially covered in slimy green
                  | scales. (AC +2) [demonic ancestry]
  2971 | D:3      | Reached XP level 5. HP: 43/43 MP: 9/9
  3315 | D:4      | Found Huick's Magic Scroll Shoppe.
  3413 | D:4      | Found a glowing drain.
  3429 | Sewer    | Entered a sewer
  3459 | Sewer    | HP: 2/43 [frozen (3)]
  3468 | Sewer    | Reached skill level 5 in Fighting
  3611 | Sewer    | Gained mutation: You have a tail ending in a sharp stinger.
                  | [demonic ancestry]
  3611 | Sewer    | Reached XP level 6. HP: 51/51 MP: 10/10
  3699 | Sewer    | Reached skill level 6 in Fighting
  3699 | Sewer    | Reached skill level 1 in Shields
  3822 | Sewer    | Reached skill level 1 in Conjurations
  3973 | Sewer    | Gained mutation: You regenerate a little health from kills.
                  | [demonic ancestry]
  3973 | Sewer    | Reached XP level 7. HP: 48/59 MP: 11/11
  4097 | Sewer    | Reached skill level 7 in Fighting
  4399 | D:4      | Identified the +0 robe "Fadomij" {Str+4}
  4635 | D:4      | Bought a scroll of enchant armour for 97 gold pieces
  4635 | D:4      | Bought a scroll of magic mapping for 97 gold pieces
  4635 | D:4      | Bought a scroll of fog for 52 gold pieces
  4676 | D:5      | Entered Level 5 of the Dungeon
  4811 | D:5      | Found a shimmering altar of Xom.
  4811 | D:5      | Found a stormy altar of Qazlal.
  4812 | D:5      | Found a broken altar of Ashenzari.
  4814 | D:5      | Found an ancient bone altar of Kikubaaqudgha.
  5089 | D:5      | Found Daeladov's Armour Shop.
  5191 | D:5      | Reached skill level 8 in Fighting
  5322 | D:4      | Bought a scroll of immolation for 52 gold pieces
  5561 | D:6      | Gained mutation: You have a sharp stinger which inflicts
                  | weakening toxins. [demonic ancestry]
  5561 | D:6      | Reached XP level 8. HP: 68/68 MP: 12/12
  5580 | D:6      | Noticed Grinder
  5593 | D:6      | Paralysed by Grinder for 5 turns
  5593 | D:6      | Killed Grinder
  5706 | D:6      | Reached skill level 9 in Fighting
  6035 | D:6      | Found Ciehelif's Antique Weapon Emporium.
  6167 | D:6      | Found a staircase to the Ecumenical Temple.
  6173 | Temple   | Entered the Ecumenical Temple
  6286 | D:6      | Identified the +1 robe of Wisdom {Rampage Archmagi}
  6405 | D:6      | Found Lefomorgh's Antique Armour Emporium.
  6415 | D:6      | Found a sacrificial altar of Ru.
  6703 | D:6      | Reached skill level 10 in Fighting
  6703 | D:6      | Reached skill level 5 in Dodging
  6703 | D:6      | Gained mutation: You are mostly covered in slimy green
                  | scales. (AC +3) [demonic ancestry]
  6703 | D:6      | Reached XP level 9. HP: 78/78 MP: 13/13
  6771 | D:4      | Bought a scroll of identify for 26 gold pieces
  6831 | D:7      | Found Jeyta's Armour Shop.
  6831 | D:7      | Found Azogohiss's Jewellery Shop.
  6831 | D:7      | Found Ryrystri's Assorted Antiques.
  6838 | D:7      | Found Antow's Distillery.
  7561 | D:7      | Noticed a moth of wrath
  7564 | D:7      | Found a bloodstained altar of Trog.
  7837 | D:8      | Found Zin's Purification Station.
  7852 | D:8      | Reached skill level 11 in Fighting
  8060 | D:8      | Reached skill level 12 in Fighting
  8098 | D:8      | Gained mutation: You regenerate health from kills. [demonic
                  | ancestry]
  8098 | D:8      | Reached XP level 10. HP: 56/79 MP: 14/14
  8121 | D:8      | Found a snail-covered altar of Cheibriados.
  8476 | D:8      | Found a shadowy altar of Dithmenos.
  8625 | D:7      | Bought a pair of glowing gloves for 247 gold pieces
  8888 | D:9      | Found a flagged portal.
  8897 | Bailey   | Entered a bailey
  8916 | Bailey   | Noticed an orc warlord
  8998 | Bailey   | Found a runed translucent gate.
  9004 | Bailey   | Found a runed translucent gate.
  9006 | Bailey   | Found a runed translucent gate.
  9163 | Bailey   | Killed an orc warlord
  9164 | Bailey   | Reached skill level 13 in Fighting
  9357 | D:9      | Found an ornate altar of the Wu Jian Council.
  9376 | D:9      | Found a staircase to the Orcish Mines.
  9392 | D:9      | Reached skill level 1 in Evocations
  9469 | D:9      | Noticed Grum
  9471 | D:9      | Reached skill level 1 in Axes
  9481 | D:9      | Killed Grum
  9693 | D:10     | Entered Level 10 of the Dungeon
  9754 | D:10     | Reached XP level 11. HP: 99/99 MP: 15/15
  9783 | D:10     | Found a basalt altar of Yredelemnul.
  9789 | D:10     | Noticed a two-headed ogre
  9801 | D:10     | Killed a two-headed ogre
 10006 | D:10     | Noticed Erolcha
 10014 | D:10     | Killed Erolcha
 10015 | D:10     | Reached skill level 14 in Fighting
 10211 | D:10     | Gained mutation: You are mostly covered in sharp spines.
                  | [demonic ancestry]
 10211 | D:10     | Reached XP level 12. HP: 108/108 MP: 16/16
 10236 | D:10     | Found Goxkaosch's Book Shop.
 10451 | D:11     | Found a blossoming altar of Fedhas.
 10585 | D:11     | You fall into a shaft and drop 3 floors!
 10612 | D:14     | Mangled by a skeletal warrior

Illustrated notes

Levels and vault maps discovered:
D:1:      dpeg_arrival_round_c, layout_loops_corners, roderic_lattice_a
D:2:      layout_loops_cross, minmay_tetromino_o2
D:3:      minmay_general_purpose_star, layout_basic, lemuel_tele_altar,
          nicolae_ecumenical_snake_handling, minmay_checkerbox
D:4:      layout_rooms, gup_sewer_entry_bubbles, serial_shops,
          nicolae_shop_rolled_up, reono_crystal_passage
D:5:      layout_basic, grunt_temple_overflow_open, serial_shops,
          nicolae_shop_trees
D:6:      layout_basic, nicolae_ru_awakened_eye, minmay_temple_entry_nine_rooms,
          serial_shops, nicolae_inconvenience_store,
          nicolae_shop_overgrown_old_shop, uniq_grinder
D:7:      layout_basic, tgw_trog, minmay_shop_grid_forest
D:8:      layout_basic, lemuel_doored_altar, zin_purify,
          mainiacjoe_overflow_divided_tiny
D:9:      layout_rooms, nicolae_wu_jian_wuxing_cycle,
          minmay_orc_entry_guard_dogs, enter_bailey_8, uniq_grum
D:10:     layout_rooms, mainiacjoe_overflow_catwalk, serial_shops,
          kennysheep_mini, uniq_erolcha
D:11:     layout_roguey, lair_entry_dummy, special_room [special_room_orc],
          fedhas_altar_3
D:14:     layout_roguey, david_vaults_5, ebering_ghost_rock_garden,
          portal_ice_cave_entry_ice_statue_two, kennysheep_kite_vault,
          uniq_agnes
Temple:   nicolae_temple_superstar

Skill      XL: |  1  2  3  4  5  6  7  8  9 10 11 12 |
---------------+-------------------------------------+-----
Armour         | 1 3 4 |  4.0
Fighting       | 3 4 5 6 8 10 12 13 14 | 14.6
Stealth        | 1 |  1.0
Throwing       | 1 |  1.0
Dodging        | 4 5 |  5.9
Shields        | 1 3 4 |  4.0
Conjurations   | 1 |  1.0
Evocations     | 1 |  1.0
Axes           | 8 9 |  9.1
Spellcasting   | |  3.0
Necromancy     | |  1.1

Action                     |  1- 3 |  4- 6 |  7- 9 | 10-12 || total
---------------------------+-------+-------+-------+-------++-------
  Melee: Dagger            |   111 |    49 |       |       ||   160
         Tailslap          |     9 |    19 |    34 |    32 ||    94
         Morningstar       |       |   125 |   222 |   122 ||   469
         Broad axe         |       |       |       |    75 ||    75
  Throw: Boomerang         |       |       |       |    11 ||    11
         Dart              |       |       |       |     6 ||     6
    Use: Potion            |     1 |     1 |     3 |     3 ||     8
         Scroll            |     1 |       |    12 |     7 ||    20
   Stab: Sleeping          |     2 |     3 |     4 |       ||     9
         Distracted        |       |       |       |     1 ||     1
 Armour: Leather armour    |    31 |    46 |    58 |    61 ||   196
  Dodge: Dodged            |    68 |    84 |   153 |   131 ||   436
  Block: Buckler           |       |    34 |    66 |       ||   100
         Kite shield       |       |       |    48 |   182 ||   230

Table legend: (Time is in decaauts)
 A = Elapsed time spent in this place.
 B = Non-inter-level travel time spent in this place.
 C = Inter-level travel time spent in this place.
 D = Time resting spent in this place.
 E = Time spent auto-exploring this place.
 F = Levels seen in this place.
 G = Mean time per level.
                   A        B        C        D        E       F      G
               +--------+--------+--------+--------+--------+-----+--------+
         Total |  11113 |   9461 |   1652 |    902 |   5378 |  15 |  740.9 |
       Dungeon |   9614 |   7979 |   1635 |    735 |   4796 |  12 |  801.2 |
        Temple |    130 |    114 |     16 |      0 |     80 |   1 |  130.0 |
         Sewer |   1007 |   1007 |      0 |    167 |    502 |   1 | 1007.0 |
        Bailey |    361 |    361 |      0 |      0 |      0 |   1 |  361.0 |
               +--------+--------+--------+--------+--------+-----+--------+

Top non-repeatable levels by time:
     D:1: 1428 daAuts
     D:6: 1329 daAuts
     D:7: 1047 daAuts
   Sewer: 1007 daAuts
     D:2: 953 daAuts
     D:3: 904 daAuts
     D:4: 847 daAuts
     D:8: 789 daAuts
     D:5: 773 daAuts
    D:10: 769 daAuts
     D:9: 634 daAuts
  Bailey: 361 daAuts
  Temple: 130 daAuts
    D:11: 105 daAuts
    D:14: 30 daAuts
